 Dungeon Crawl Stone Soup version 0.28-a0-1404-g4df0f3684d (webtiles) character file.

Game seed: 3135421851181696538

345 southernslant the Skirmisher (level 6, 0/38 HPs)
             Began as a Gargoyle Gladiator on Jan 6, 2022.
             Slain by Pikel (3 damage)
             ... on level 3 of the Dungeon.
             The game lasted 00:07:25 (3406 turns).

southernslant the Skirmisher (Gargoyle Gladiator)   Turns: 3406, Time: 00:07:25

Health: 0/38       AC:  8    Str: 18    XL:     6   Next: 58%
Magic:  6/6        EV: 12    Int:  8    God:
Gold:   140        SH:  0    Dex: 13    Spells: 5/5 levels left

rFire   . . .      SeeInvis .   q - +3 flail (holy)
rCold   . . .      Faith    .   t - orb {light}
rNeg    + . .      Spirit   .   b - +0 leather armour
rPois   ∞          Reflect  .   c - +0 helmet
rElec   +          Harm     .   (no cloak)
rCorr   .          Rampage  .   (no gloves)
Will    .....                   (no boots)
Stlth   +.........              (no amulet)
HPRegen 0.12/turn               (no ring)
MPRegen 0.10/turn               (no ring)

@: mighty, glowing
A: sickness immunity, AC +4, negative energy resistance 1, electricity
resistance, torment resistance 1, petrification resistance
a: no special abilities


You were on level 3 of the Dungeon.
You visited 1 branch of the dungeon, and saw 4 of its levels.

You collected 140 gold pieces.

Inventory:

Hand Weapons
 a - a +0 quarterstaff
 q - a +3 flail of holy wrath (weapon)
Missiles
 d - 3 throwing nets
 l - 68 stones (quivered)
Armour
 b - a +0 leather armour (worn)
 c - a +0 helmet (worn)
 h - a +0 chain mail of poison resistance
 r - a +0 buckler
 t - an orb of light (worn)
Scrolls
 e - 2 scrolls of amnesia {unknown}
 f - a scroll of teleportation {unknown}
 g - a scroll of noise {unknown}
 m - a scroll of enchant armour {unknown}
 n - a scroll of fog {unknown}
 o - 2 scrolls of identify {unknown}
 u - a scroll of holy word {unknown}
Potions
 i - a potion of haste {unknown}
 j - a potion of heal wounds {unknown}
 k - a potion of mutation {unknown}
 p - 2 potions of might
 s - a potion of brilliance {unknown}


   Skills:
 * Level 4.0 Fighting
 * Level 1.2(2.5) Maces & Flails
 - Level 3.5(3.6) Staves
 + Level 2.5 Throwing
 * Level 3.2 Armour
 + Level 3.0 Dodging
 + Level 2.3 Stealth
 + Level 0.8 Shields


You had 5 spell levels left.
You didn't know any spells.
Your spell library was empty.

Dungeon Overview and Level Annotations

Branches:
Dungeon (4/15)
 Temple: D:4-7

Altars:

Shops:
D:1 =

Annotations:
D:2 Natasha
D:3 Pikel


Innate Abilities, Weirdness & Mutations

You are immune to sickness and miasma.
Your stone body is resilient. (AC +4)
You are immune to poison.
You resist negative energy. (rN+)
You are resistant to electric shocks. (rElec)
You are resistant to unholy torment.
You are immune to petrification.


Message History

The orc hits you with a +0 club. The lemure hits you but does no damage.
The lemure misses you.
Pikel hits you with a +0 whip of freezing.
Pikel freezes you.
You climb upwards.
There is a stone staircase leading down here.
The orc closely misses you. The lemure hits you but does no damage.
The orc hits you with a +0 club. The lemure barely misses you.
Pikel waves his whip at you.
You thump the orc!
You kill the orc!
You barely miss the lemure. The lemure closely misses you.
You hit the lemure but do no damage. The lemure hits you.
You sock the lemure!
The lemure convulses!
The lemure is severely wounded.
The lemure barely misses you.
You closely miss Pikel.
Pikel hits you with a +0 whip of freezing.
Pikel freezes you.
You hit Pikel.
Pikel is lightly wounded.
Pikel completely misses you.
You hit Pikel.
Pikel is moderately wounded.
Pikel hits you with a +0 whip of freezing.
Pikel freezes you.
You barely miss Pikel.
Pikel is moderately wounded.
Pikel hits you with a +0 whip of freezing.
Pikel freezes you.
Pikel hits you with a +0 whip of freezing.
Pikel freezes you.
* * * LOW HITPOINT WARNING * * *
It was a potion of might.
You feel very mighty all of a sudden.
Pikel hits you with a +0 whip of freezing!
* * * LOW HITPOINT WARNING * * *
Pikel freezes you.
You die...

##################
#.................
#.################
#.#######
#.......#
#@#####.#
#K#####.####
#55........#
#..........#
#.......[..#######
#>.).......'......
#.)........#######
#..........# #.
#..........# #.


You could see Pikel and 2 lemures.

Vanquished Creatures
  An ogre (D:3)
  An orc priest (D:3)
  Natasha (twice) (D:2)
  Terence (D:2)
  2 orc wizards (D:3)
  3 adders (D:3)
  2 dart slugs (D:1)
  7 orcs
  6 bats
  4 endoplasms
  2 giant cockroaches
  7 goblins
  6 hobgoblins
  7 quokkas
  2 ball pythons (D:2)
  5 frilled lizards
  5 kobolds
  4 rats
67 creatures vanquished.

Notes
Turn   | Place    | Note
-------+----------+-------------------------------------------
     0 | D:1      | southernslant the Gargoyle Gladiator began the quest for
                  | the Orb.
     0 | D:1      | Reached XP level 1. HP: 12/12 MP: 1/1
   235 | D:1      | Found Roacut's Jewellery Emporium.
   328 | D:1      | Reached XP level 2. HP: 18/18 MP: 2/2
   588 | D:1      | Reached skill level 1 in Armour
   610 | D:1      | You fall into a shaft and drop 1 floor!
   861 | D:2      | Found a faded altar of an unknown god.
   891 | D:2      | Reached XP level 3. HP: 14/22 MP: 3/3
  1150 | D:2      | Noticed Terence
  1164 | D:2      | Killed Terence
  1165 | D:2      | Reached skill level 3 in Fighting
  1165 | D:2      | Reached skill level 1 in Stealth
  1329 | D:2      | Reached XP level 4. HP: 28/28 MP: 4/4
  1651 | D:2      | Noticed Natasha
  1660 | D:2      | Killed Natasha
  2305 | D:3      | Reached XP level 5. HP: 10/32 MP: 5/5
  2314 | D:2      | Noticed Natasha
  2324 | D:2      | Killed Natasha
  2335 | D:2      | Noticed Natasha
  3055 | D:3      | Reached XP level 6. HP: 35/38 MP: 6/6
  3246 | D:4      | Noticed Pikel
  3253 | D:3      | Reached skill level 4 in Fighting
  3253 | D:3      | Reached skill level 1 in Maces & Flails
  3406 | D:3      | Slain by Pikel

Illustrated notes

Levels and vault maps discovered:
D:1:      scummos_arrival_star, layout_loops_corners, serial_shops,
          nicolae_square_shop
D:2:      layout_basic, ebering_ecumenical_altar_petrified, uniq_natasha,
          uniq_terence
D:3:      layout_basic
D:4:      layout_basic, serial_shops, nicolae_shop_overgrown_old_shop,
          biasface_ghost_orc_armoury, uniq_menkaure, uniq_pikel

Skill      XL: |  1  2  3  4  5  6 |
---------------+-------------------+-----
Armour         | 1 2 3 |  3.2
Throwing       | 2 |  2.5
Fighting       | 3 4 |  4.0
Stealth        | 1 2 |  2.3
Maces & Flails | 1 |  1.2
Dodging        | 3 |  3.0
Staves         | |  3.5
Shields        | |  0.8

Action                   |  1- 3 |  4- 6 || total
-------------------------+-------+-------++-------
Melee: Quarterstaff      |   100 |    64 ||   164
       Flail             |       |    45 ||    45
Throw: Stone             |       |     5 ||     5
  Use: Potion            |       |     1 ||     1
 Stab: Sleeping          |     2 |     3 ||     5
Armor: Leather armour    |    40 |    40 ||    80
Dodge: Dodged            |    72 |    83 ||   155
Block: Buckler           |       |     5 ||     5

Table legend: (Time is in decaauts)
 A = Elapsed time spent in this place.
 B = Non-inter-level travel time spent in this place.
 C = Inter-level travel time spent in this place.
 D = Time resting spent in this place.
 E = Time spent auto-exploring this place.
 F = Levels seen in this place.
 G = Mean time per level.
                   A        B        C        D        E       F      G
               +--------+--------+--------+--------+--------+-----+--------+
         Total |   3445 |   3365 |     80 |      0 |   2494 |   4 |  861.2 |
       Dungeon |   3445 |   3365 |     80 |      0 |   2494 |   4 |  861.2 |
               +--------+--------+--------+--------+--------+-----+--------+

Top non-repeatable levels by time:
     D:2: 1553 daAuts
     D:1: 1039 daAuts
     D:3: 843 daAuts
     D:4: 9 daAuts
